 Dungeon Crawl Stone Soup version 0.32-a0-685-g93135e86f0 (webtiles) character file.

Game seed: 9673293270826727378

5342733 ragingrage the Cat of Death (level 26, 138/138 (141) HPs)
             Began as a Felid Fighter on Mar 12, 2024.
             Was the Champion of Jiyva.
             Escaped with the Orb
             ... and 5 runes
             ... and 8 gems (all intact)!
             The game lasted 04:03:11 (43021 turns).

ragingrage the Cat of Death (Felid Fighter)        Turns: 43021, Time: 04:03:11

HP:   138/138 (141) AC: 11    Str: 12    XL:     26   Next: 64%
MP:   44/44         EV: 45    Int: 19    God:    Jiyva [******]
Gold: 4201          SH:  0    Dex: 27    Spells: 3/57 levels left
                                        Lives: 2   Deaths: 5

rFire   + .          .
                       - Unarmed
rCold   + . .        (shield unavailable)
rNeg    . . .        (body armour unavailable)
rPois   +            (helmet unavailable)
rElec   .            (cloak unavailable)
rCorr   +            (gloves unavailable)
SInv    +            (boots unavailable)
Will    +++..        U - amulet of Vitality {Regen++ RegenMP++}
Stlth   ++           X - ring of the Mage {Wiz Archmagi}
HPRegen 3.63/turn    T - ring "Quuck" {rPois rF+ Dex+6 Slay-6}
MPRegen 1.89/turn

%: wizardry (x1), archmagi
@: lightly drained
A: very small, claws 1, fangs 3, see invisible, shaggy fur 3, stealthy paws, no
weapons or thrown items, no armour, multi-lived, horns 3, iridescent scales 3,
wild magic 2, acidic bite, eyeballs 1, gelatinous body 2, tendrils, jelly
absorbing missiles, MP-powered wands, engulf, devolution 1
0: Orb of Zot
}: 5/15 runes: barnacled, slimy, silver, golden, gossamer
a: Renounce Religion, Oozemancy, Slimify


You escaped.
You worshipped Jiyva.
Jiyva was exalted by your worship.
You visited 13 branches of the dungeon, and saw 59 of its levels.
You also visited: Bailey, Ice Cave and Wizlab.

You collected 6439 gold pieces.
You spent 2238 gold pieces at shops.

Inventory:

Jewellery
 g - the ring "Ashoaq" {rC+ rN+ Int+3 Dex-4}
   (You found it on level 4 of the Lair of Beasts)

   [ring of positive energy]

   Int+3:     It affects your intelligence (+3).
   Dex-4:     It affects your dexterity (-4).
   rC+:       It protects you from cold.
   rN+:       It protects you from negative energy.
 A - the ring "Zaiblyim" {rPois EV+5 Dex+3}
   (You took it off a deep elf knight on level 3 of the Elven Halls)

   [ring of evasion]

   EV+5:      It affects your evasion (+5).
   Dex+3:     It affects your dexterity (+3).
   rPois:     It protects you from poison.
 F - the ring of Oklam {rN+ rCorr Int+3 Dex-2}
   (You found it on level 1 of the Vaults)

   [ring of positive energy]

   Int+3:     It affects your intelligence (+3).
   Dex-2:     It affects your dexterity (-2).
   rN+:       It protects you from negative energy.
   rCorr:     It protects you from acid and corrosion.
 R - the ring of Tudy {rElec rF+ Stlth+}
   (You acquired it on level 2 of the Crypt)

   [ring of protection from fire]

   rF+:       It protects you from fire.
   rElec:     It insulates you from electricity.
   Stlth+:    It makes you more stealthy.
 T - the ring "Quuck" (right paw) {rPois rF+ Dex+6 Slay-6}
   (You found it on level 5 of the Pits of Slime)

   [ring of dexterity]

   Dex+6:     It affects your dexterity (+6).
   Slay-6:    It affects your accuracy & damage with ranged weapons and melee
   (-6).
   rF+:       It protects you from fire.
   rPois:     It protects you from poison.
 U - the amulet of Vitality (around neck) {Regen++ RegenMP++}
   (You found it on level 5 of the Pits of Slime)

   [amulet of nothing]

   Regen++:   It increases your rate of health regeneration.
   RegenMP++: It increases your rate of magic regeneration.
 V - the ring "Diclej" {rC- rN+ MP+9 AC+4 Slay+3}
   (You found it on level 5 of the Pits of Slime)

   [ring of protection]

   AC+4:      It affects your AC (+4).
   Slay+3:    It affects your accuracy & damage with ranged weapons and melee
   (+3).
   rC-:       It makes you vulnerable to cold.
   rN+:       It protects you from negative energy.
   MP+9:      It affects your magic capacity (+9).
 W - the ring of Vanity {AC+4 Int+5 Slay+3}
   (You found it on level 4 of the Vaults)

   [ring of protection]

   AC+4:      It affects your AC (+4).
   Int+5:     It affects your intelligence (+5).
   Slay+3:    It affects your accuracy & damage with ranged weapons and melee
   (+3).
 X - the ring of the Mage (left paw) {Wiz Archmagi}
   (You took it off a deep elf zephyrmancer on level 3 of the Elven Halls)

   [ring of wizardry]

   Wiz:       It improves your spell success rate.
   Archmagi:  It increases the power of your magical spells.
 Z - the ring "Paothrarimm" {rN+ AC+4}
   (You found it on level 3 of the Crypt)

   [ring of protection]

   AC+4:      It affects your AC (+4).
   rN+:       It protects you from negative energy.
Talismans
 K - a granite talisman
Wands
 a - a wand of warping (36)
 k - a wand of mindburst (66)
 r - a wand of flame (50)
 t - a wand of light (22)
 B - a wand of digging (1)
 G - a wand of charming (34)
 Q - a wand of polymorph (7)
Scrolls
 b - 4 scrolls of amnesia
 e - 10 scrolls of torment
 f - 2 scrolls of blinking
 i - 11 scrolls of fog
 j - 4 scrolls of immolation
 l - 8 scrolls of poison
 o - 4 scrolls of teleportation
 p - 2 scrolls of noise
 y - 7 scrolls of vulnerability
 C - 3 scrolls of fear
 H - 2 scrolls of silence
 P - 4 scrolls of butterflies
Potions
 c - 4 potions of enlightenment
 d - 2 potions of attraction
 h - 4 potions of brilliance
 n - 3 potions of berserk rage
 q - 3 potions of ambrosia
 u - 7 potions of mutation
 v - 5 potions of magic
 w - 8 potions of heal wounds
 E - 4 potions of resistance
 I - 3 potions of lignification
 L - 6 potions of curing
 S - 5 potions of might
Miscellaneous
 x - a phantom mirror
 D - a lightning rod (4/4)
 J - a condenser vane
 M - a box of beasts
 N - a figurine of a ziggurat
 Y - a phial of floods


   Skills:
 + Level 15.6 Fighting
 + Level 20.7 Dodging
 - Level 14.0 Stealth
 - Level 13.6 Unarmed Combat
 - Level 16.0 Spellcasting
 - Level 20.2 Hexes
 - Level 13.0 Summonings
 O Level 27 Necromancy
 - Level 6.0 Translocations
 - Level 6.0 Fire Magic
 - Level 15.0 Air Magic
 - Level 5.0 Earth Magic
 - Level 7.5 Evocations
 + Level 11.9 Shapeshifting


You had 3 spell levels left.
You knew the following spells:

 Your Spells              Type           Power      Damage    Failure   Level
a - Death Channel         Necr           68%        N/A       1%          6
b - Discord               Hex            60%        N/A       6%          8
c - Infestation           Necr           68%        N/A       1%          8
d - Haunt                 Necr/Summ      60%        N/A       1%          7
e - Passwall              Erth           70%        N/A       2%          3
f - Borgnjor's Vile Clut  Necr/Erth      55%        N/A       1%          5
g - Death's Door          Necr           68%        N/A       6%          9
h - Vhi's Electric Charg  Tloc/Air       100%       N/A       1%          4
r - Dispel Undead         Necr           100%       3d31      1%          4

Your spell library contained the following spells:

 Spells                   Type           Power      Damage    Failure   Level
 Apportation              Tloc           100%       N/A       1%          1
 Kiss of Death            Conj/Necr      100%       2d13      1%          1
 Necrotise                Necr           100%       1d9       1%          1
 Summon Small Mammal      Summ           100%       N/A       1%          1
 Cigotuvi's Dreadful Rot  Necr/Alch/Air  100%       N/A       1%          2
 Ensorcelled Hibernation  Hex/Ice        100%       N/A       1%          2
 Jinxbite                 Hex            100%       N/A       1%          2
 Lesser Beckoning         Tloc           100%       N/A       1%          2
 Mercury Vapours          Alch/Air       100%       N/A       1%          2
 Static Discharge         Conj/Air       100%       3-8/arc   1%          2
 Sublimation of Blood     Necr           100%       N/A       1%          2
 Call Canine Familiar     Summ           100%       N/A       1%          3
 Dazzling Flash           Conj/Hex       100%       N/A       1%          3
 Fugue of the Fallen      Necr           100%       N/A       1%          3
 Gell's Gravitas          Tloc           74%        N/A       1%          3
 Inner Flame              Hex/Fire       100%       N/A       1%          3
 Sigil of Binding         Hex            100%       N/A       1%          3
 Summon Ice Beast         Ice/Summ       77%        N/A       1%          3
 Swiftness                Air            100%       N/A       1%          3
 Teleport Other           Tloc           74%        N/A       1%          3
 Tukima's Dance           Hex            100%       N/A       1%          3
 Volatile Blastmotes      Fire/Tloc      100%       2d18      1%          3
 Freeze                   Ice            100%       1d10      4%          1
 Magic Dart               Conj           100%       1d8       4%          1
 Sting                    Conj/Alch      100%       1d9       4%          1
 Stone Arrow              Conj/Erth      100%       3d13      4%          3
 Searing Ray              Conj           72%        2d7       6%          2
 Frozen Ramparts          Ice            72%        1d11      10%         3
 Hailstorm                Conj/Ice       36%        3d9       10%         3
 Ozocubu's Armour         Ice            36%        N/A       10%         3
 Airstrike                Air            53%        2d(8-24)  1%          4
 Anguish                  Hex/Necr       64%        N/A       1%          4
 Animate Dead             Necr           100%       N/A       1%          4
 Cause Fear               Hex            60%        N/A       1%          4
 Martyr's Knell           Necr/Summ      100%       N/A       1%          4
 Summon Blazeheart Golem  Fire/Summ      89%        N/A       1%          4
 Summon Lightning Spire   Summ/Air       100%       N/A       1%          4
 Curse of Agony           Necr           100%       N/A       1%          5
 Enfeeble                 Hex            60%        N/A       1%          7
 Borgnjor's Revivificati  Necr           68%        N/A       1%          8
 Metabolic Englaciation   Hex/Ice        45%        N/A       2%          5
 Manifold Assault         Tloc           74%        N/A       3%          4
 Arcjolt                  Conj/Air       40%        1d50      4%          5
 Ignite Poison            Fire/Alch      59%        N/A       10%         4
 Iskenderun's Mystic Bla  Conj/Tloc      59%        2d12      10%         4
 Sticky Flame             Fire/Alch      59%        2d10      10%         4
 Brom's Barrelling Bould  Conj/Erth      56%        2d7       12%         4
 Freezing Cloud           Conj/Ice/Air   35%        6-21      12%         5
 Lee's Rapid Deconstruct  Erth           35%        3d18*     12%         5
 Conjure Ball Lightning   Conj/Air       40%        3x3d13    21%         6
 Fireball                 Conj/Fire      29%        3d13      22%         5
 Olgreb's Toxic Radiance  Alch           36%        N/A       26%         4
 Maxwell's Capacitive Co  Air            53%        ∞         34%         8
 Alistair's Intoxication  Alch           24%        N/A       52%         5
 Irradiate                Conj/Alch      18%        3d17      52%         5
 Iskenderun's Battlesphe  Conj           36%        2d9       52%         5
 Starburst                Conj/Fire      29%        6d9       67%         6
 Eringya's Noxious Bog    Alch           18%        4d6       96%         6
 Sculpt Simulacrum        Ice/Alch       18%        N/A       96%         6
 Orb of Destruction       Conj           18%        9d8       100%        7
 Ozocubu's Refrigeration  Ice            18%        4d11      100%        7
 Ignition                 Fire           37%        3d11      100%        8
 Lehudib's Crystal Spear  Conj/Erth      28%        10d7      100%        8
 Polar Vortex             Ice            18%        12d2*     100%        9
 Animate Armour           Summ/Erth      Unusable   N/A       N/A         4

Dungeon Overview and Level Annotations

Branches:
Dungeon (15/15)            Temple (1/1) D:6            Lair (5/5) D:8
 Shoals (4/4) Lair:3       Spider (4/4) Lair:3        Slime (5/5) Lair:5
    Orc (2/2) D:9             Elf (3/3) Orc:2        Vaults (5/5) D:13
  Crypt (3/3) Vaults:3       Tomb (3/3) Crypt:3      Depths (4/4) D:15
    Zot (5/5) Depths:4     Bailey (visited)           IceCv (visited)
 WizLab (visited)

Altars:
Ashenzari
Cheibriados
Dithmenos
Elyvilon
Fedhas
Gozag
Hepliaklqana
Kikubaaqudgha
Makhleb
Nemelex Xobeh
Okawaru
Qazlal
Ru
Sif Muna
Trog
Uskayaw
Vehumet
Wu Jian
Xom
Yredelemnul
Zin
The Shining One
Jiyva

Shops:
D:12 !   Orc:2 *=[   Shoals:1 *   Shoals:2 :   Shoals:3 :   Shoals:4 :
Vaults:1 *   Vaults:3 :(([

Portals:
Hell: Depths:2 Depths:3
Abyss: Depths:3 Depths:4
Ziggurat: Depths:2

Annotations:
D:2 Sigmund
D:4 3 runed translucent doors, Edmund; jrder's ghost, novice BaFi
D:7 1 transporter, zenocrate's ghost, novice DEEE
Lair:2 3 runed translucent doors, zenocrate's ghost, journeyman DgEE
Lair:5 3 runed translucent doors, jasper's ghost, journeyman OpFi
Spider:2 1 runed translucent door, draino's ghost, journeyman FeSu
Slime:5 Royal Jelly
Elf:1 1 runed translucent door
Elf:2 2 transporters, 3 runed translucent doors, Unkuwan's ghost, adept CoBe


Innate Abilities, Weirdness & Mutations

You have sharp claws.
You have razor-sharp teeth.
You have supernaturally acute eyesight. (SInv)
Your thick and shaggy fur keeps you warm. (AC +3, rC+)
Your paws help you pounce on unaware monsters.
You are incapable of wielding weapons or throwing items.
You cannot wear armour.
You gain extra lives every three experience levels.
You have a pair of large horns on your head.
You are completely covered in iridescent scales. (AC +6)
Your spells are harder to cast, but more powerful.
You have acidic saliva.
Your body has grown eyes which may confuse attackers. (Acc +3)
Your pliable body absorbs attacks. (AC +2, EV +2)
You are covered in slimy tendrils that may disarm your opponents.
You have a small jelly attached to you that may absorb projectiles.
You expend magic power (3 MP) to strengthen your wands.
Your melee attacks may engulf your foes in ooze.
You have hidden genetic defects.


Message History

There is a stone staircase leading up here.
You climb upwards.
Level annotation: Sigmund
There is a stone staircase leading down here.
(D) Dungeon (T) Temple (L) Lair (A) Shoals (N) Spider Nest (M) Slime Pits (O) Orcish Mines (E) Elven Halls (V) Vaults (C) Crypt (W) Tomb (U) Depths (H) Hell (Z) Zot
Where to? (Tab/Enter - D:1 @ (x,y), ? - help)
You see here an orc skeleton.
There is an open door here.
A Hell Sentinel comes into view.
Casting: Haunt (dangerous; 1% risk of failure)
You can't see any susceptible monsters within range! (Use Z to cast anyway.) Unknown command.
Aiming: Haunt (dangerous; 1% risk of failure)
Press: ? - help, Q - select action, (/) - cycle Dir - move target, f - Hell Sentinel
Aim: a Hell Sentinel You feel a surge of power!
Insubstantial figures form in the air.
The Hell Sentinel misses your wraith.
The Hell Sentinel hits your wraith but does no damage.
Your wraith hits the Hell Sentinel but does no damage.
Something hits your wraith!! Something hits your wraith.
You open the door.
There is an open door here.
(D) Dungeon (T) Temple (L) Lair (A) Shoals (N) Spider Nest (M) Slime Pits (O) Orcish Mines (E) Elven Halls (V) Vaults (C) Crypt (W) Tomb (U) Depths (H) Hell (Z) Zot
Where to? (Tab/Enter - D:1 @ (x,y), ? - help)
What level of the Dungeon? (default 1, ? - help)
There is an open door here.
You see here a hobgoblin skeleton.
There is a stone staircase leading up here.
You climb upwards.
There is a stone staircase leading down here.
You see here a rat skeleton.
There is an open door here.
There is a staircase leading out of the dungeon here.
You have escaped!

...#.....#
######....>÷....###.
...#.....#
#.########.....
.........#####
#.#.....##.....
...#.........#
#.#####.##.....
...#########.#
#.......#.#.... ...#
#.#♣♣♣♣#########...###
...#
#§§..§##.....§.'...#
...#
#§§§###.....§§.#§§.#
...#
##§##@......§§.+§§.#
...#
#.[###......§§#§§.#
####
#..§§##......§+§.§#
##♣♣♣♣#########...#
#.### ###


There were no monsters in sight!

Vanquished Creatures
  Mennas (Vaults:5)
  16 royal mummies
  A caustic shrike (Depths:1)
  A golden dragon (Zot:4)
  Saint Roka (Vaults:1)
  2 Orb Guardians
  A shard shrike skeleton (Crypt:2)
  2 liches
  A quicksilver dragon (Zot:3)
  A walking divine tome (Depths:2)
  A deep elf master archer (Elf:3)
  4 acid blobs
  5 ancient champions
  2 death cobs
  Gastronok (Lair:3)
  6 azure jellies
  A storm dragon (Vaults:5)
  A tengu reaver (Vaults:5)
  2 revenants
  2 protean progenitors (Zot:4)
  A rockslime (Slime:4)
  3 vault wardens
  A draconian shifter (Zot:4)
  2 caustic shrike zombies
  An iron dragon (Vaults:5)
  2 curse skulls
  A frost giant (Depths:1)
  A spectral caustic shrike (WizLab)
  A ghoul (Vaults:3)
  2 very ugly things
  2 stone giants
  3 quicksilver oozes (Slime:3)
  A green draconian (Zot:4)
  2 deep elf demonologists
  2 spectral titans (WizLab)
  A bennu (Tomb:3)
  3 war gargoyles
  3 vampire knights
  A dire elephant (Vaults:1)
  A spark wasp (Depths:4)
  Snorg (D:13)
  A purple draconian (Zot:1)
  Josephine (D:10)
  3 jiangshi (WizLab)
  8 mummy priests
  2 yaktaur captains (Vaults:3)
  2 eidola
  An ettin (Vaults:5)
  An entropy weaver (Spider:2)
  A merfolk javelineer (Shoals:4)
  2 merfolk impalers
  A rakshasa (D:15)
  3 spriggan zombies (Depths:3)
  2 sphinx zombies (Depths:3)
  7 vault guards (Vaults:5)
  A centaur warrior (Vaults:2)
  2 hydras
  A merfolk aquamancer (Shoals:4)
  A spriggan skeleton (Crypt:3)
  A dancing weapon (Elf:2)
  3 vampire magi
  An ironbound frostheart (Vaults:3)
  10 death scarabs
  An occultist (Elf:2)
  4 death yaks (Lair:3)
  A hell knight (Crypt:3)
  An orc high priest (Orc:2)
  5 titan zombies
  A soul eater (Depths:2)
  A spectral spark wasp (WizLab)
  2 deep elf knights (Elf:3)
  2 skysharks
  5 skeletal warriors
  Lodul (D:10)
  3 shadow wraiths
  2 spark wasp zombies
  A golden dragon zombie (Depths:3)
  4 deep trolls
  A shadow dragon zombie (Depths:3)
  A flayed ghost (WizLab)
  2 harpies (Shoals:4)
  2 tengu zombies (Depths:3)
  3 ironbound convokers
  2 deep elf archers (Elf:1)
  7 phantasmal warriors
  A necromancer (Vaults:3)
  2 orc knights (Vaults:4)
  2 deep elf zephyrmancers
  5 deep elf pyromancers
  A frost giant zombie (Depths:3)
  An alligator skeleton (Crypt:2)
  A spectral spriggan (WizLab)
  A fire giant zombie (Depths:3)
  5 wolf spiders
  7 ugly things
  An orc sorcerer (Orc:2)
  6 moths of wrath
  5 vault sentinels
  2 elephants
  A stone giant skeleton (Vaults:3)
  3 black mambas
  A water nymph (Shoals:4)
  2 torpor snails (Lair:5)
  2 cane toads (Lair:3)
  2 rime drakes (Lair:5)
  4 gargoyles
  8 yaktaurs
  A naga skeleton (Crypt:3)
  4 komodo dragons
  13 guardian mummies
  A spectral harpy (WizLab)
  A merfolk (Lair:3)
  2 trolls
  Grinder (D:5)
  A harpy zombie (Tomb:3)
  A wind drake (Shoals:4)
  4 hornets
  A jumping spider zombie (Spider:4)
  A snapping turtle (Shoals:4)
  7 blink frogs
  2 tarantellas (Spider:4)
  4 slime creatures
  2 dream sheep (Lair:5)
  A black mamba zombie (Lair:4)
  2 jumping spiders (Spider:2)
  A centaur simulacrum (Tomb:1)
  A vampire (Bailey)
  6 wraiths
  3 culicivoras
  An ushabti (Tomb:2)
  2 wyverns
  22 yaks
  2 spriggans
  A ynoxinul (Zot:1)
  2 basilisks (D:8)
  3 wargs
  Grum (D:10)
  2 redbacks
  A chaos spawn (Depths:1)
  Menkaure (D:6)
  A glowing shapeshifter zombie (Depths:3)
  4 water moccasins
  A cane toad zombie (Lair:3)
  A swamp drake (Lair:5)
  6 orc warriors
  8 laughing skulls
  7 ogres
  An elf zombie (Elf:3)
  6 wolves
  4 centaurs
  Blork the orc (D:6)
  2 kobold brigands
  7 bullfrogs
  A gnoll sergeant (D:8)
  A komodo dragon zombie (Lair:3)
  An earth elemental (Elf:1)
  A scorpion (D:4)
  4 wights
  A yak zombie (D:10)
  2 killer bees (D:11)
  4 vampire bats (Bailey)
  5 howler monkeys
  7 wolf zombies (Bailey)
  2 bombardier beetles
  A centaur zombie (D:10)
  A bullfrog zombie (Lair:2)
  2 gnoll boudas
  A hound (D:4)
  2 jellies
  10 orc priests
  2 sleepcaps
  Ijyb (D:4)
  An iguana (Lair:5)
  16 orc wizards
  2 hell rats (Lair:1)
  A kobold zombie (D:8)
  11 mummies
  9 gnolls
  2 adders
  2 white imps
  5 dart slugs
  3 ribbon worms
  49 orcs
  5 bats
  8 endoplasms
  7 giant cockroaches
  3 gnoll zombies
  9 hobgoblins
  A jackal (D:4)
  6 quokkas
  7 ball pythons
  2 frilled lizards
  7 goblins
  8 kobolds
  18 orc zombies (Bailey)
  6 rats
641 creatures vanquished.

Vanquished Creatures (collateral kills)
  Frederick (Crypt:2)
  Khufu (Crypt:3)
  An orb of fire (Zot:2)
  2 ancient liches (Crypt:3)
  Mara (Spider:4)
  3 juggernauts
  14 royal mummies
  Vv (Crypt:2)
  2 Killer Klowns (Zot:1)
  Bai Suzhen (Crypt:1)
  2 caustic shrikes (Depths:1)
  5 golden dragons
  A bone dragon (Depths:4)
  Arachne (Spider:4)
  A Tzitzimitl (D:12)
  A Brimstone Fiend (Zot:2)
  An Ice Fiend (D:5)
  Zenata (Elf:2)
  4 tentacled monstrosities
  Jorgrun (Shoals:3)
  3 liches
  8 Orb Guardians
  A deep elf master archer (Elf:3)
  A walking divine tome (Depths:1)
  12 acid blobs
  5 quicksilver dragons
  A walking frostbound tome (Depths:2)
  12 sphinxes
  2 deep elf blademasters (Elf:3)
  6 titans
  6 ancient champions
  Frances (D:12)
  3 death cobs
  A kraken (Shoals:4)
  6 shadow dragons
  2 storm dragons
  Kirke (D:13)
  10 rockslimes
  4 tengu reavers
  A revenant (WizLab)
  Aizul (Spider:4)
  10 fire giants
  5 azure jellies
  4 draconian monks
  Roxanne (Spider:3)
  3 draconian knights
  3 emperor scorpions
  A draconian shifter (Zot:3)
  9 frost giants
  5 deep elf sorcerers
  12 vault wardens
  3 draconian scorchers
  3 iron dragons
  A caustic shrike zombie (Depths:3)
  2 ghouls (Crypt:2)
  An orc warlord (Vaults:4)
  4 deep elf elementalists (Elf:3)
  2 balrugs (Crypt:3)
  A reaper (Depths:3)
  A draconian stormcaller (Depths:4)
  3 draconian annihilators
  7 ghost moths
  10 formless jellyfish
  4 quicksilver oozes
  7 ironbound preservers
  2 spriggan defenders (Depths:2)
  24 very ugly things
  17 stone giants
  2 caustic shrike skeletons (Crypt:3)
  A black draconian (Zot:3)
  4 deep elf demonologists
  10 ironbound thunderhulks
  5 war gargoyles
  7 spark wasps
  4 red draconians
  10 purple draconians
  2 vampire knights
  6 green draconians
  7 deep elf annihilators
  7 deep elf death magi
  4 dire elephants
  5 yellow draconians
  3 white draconians
  4 halazid warlocks (WizLab)
  A green death (Zot:2)
  6 bennus (Tomb:3)
  An eidolon (Crypt:3)
  17 ettins
  10 deep elf high priests
  13 mummy priests
  3 merfolk impalers
  10 yaktaur captains
  9 fire dragons
  3 entropy weavers
  25 vault guards
  3 merfolk javelineers
  Harold (D:10)
  A rakshasa (Depths:1)
  8 great orbs of eyes
  A sphinx zombie (Depths:3)
  6 spriggan air magi
  2 hydras
  6 ice dragons
  2 death knights (Crypt:2)
  2 peacekeepers
  3 centaur warriors
  5 jorogumos (Spider:4)
  2 radroaches
  A fenstrider witch skeleton (Crypt:1)
  4 merfolk aquamancers
  7 ironbound frosthearts
  3 satyrs
  4 merfolk avatars
  4 boulder beetles
  8 two-headed ogres
  8 dancing weapons
  An alligator snapping turtle (Shoals:4)
  44 death scarabs
  A death yak (Lair:3)
  A two-headed ogre (shapeshifter) (Elf:1)
  A tengu warrior (Depths:1)
  5 deep troll shamans
  2 demonic crawlers
  4 hell hogs (Depths:4)
  2 deep troll earth magi (Depths:4)
  5 spriggan berserkers
  7 occultists
  Urug (D:11)
  A titan zombie (WizLab)
  4 orc high priests
  A storm dragon zombie (Depths:3)
  7 hell knights
  10 deep elf knights
  5 iron trolls
  A shadow wraith (WizLab)
  10 sea snakes
  9 skeletal warriors
  6 pharaoh ants
  22 deep trolls
  A golden dragon zombie (Depths:3)
  3 skysharks (Shoals:1)
  3 spriggan riders
  4 flayed ghosts (Crypt:3)
  A swamp dragon (Lair:5)
  8 orb spiders
  2 sun moths (Spider:4)
  7 arcanists
  An obsidian statue (Spider:2)
  A glowing orange brain (Slime:1)
  2 bog bodies (Crypt:2)
  2 jorogumo zombies (Spider:4)
  7 necromancers
  9 phantasmal warriors
  10 deep elf archers
  3 thermic dynamos (Elf:3)
  12 orc knights
  A fenstrider witch simulacrum (Tomb:2)
  8 ironbound convokers
  2 orange crystal statues (IceCv)
  A lindwurm (Vaults:1)
  A shadow dragon zombie (Crypt:2)
  10 harpies
  22 deep elf pyromancers
  28 deep elf zephyrmancers
  2 orc sorcerers
  6 steelbarb worms
  2 tengu zombies (Depths:3)
  A wolf spider (shapeshifter) (Vaults:5)
  6 shining eyes
  A stone giant zombie (Tomb:1)
  7 wolf spider zombies
  16 manticores
  9 cyclopes
  32 ugly things
  A frost giant zombie (Depths:3)
  18 wolf spiders
  18 fauns
  4 human zombies
  5 nameless horrors
  12 moths of wrath
  2 kobold blastminers (Orc:2)
  A centaur zombie (D:15)
  4 eyes of devastation
  4 black mambas
  5 merfolk sirens
  7 water nymphs
  2 elephants (Lair:5)
  16 vault sentinels
  2 centaur skeletons
  A cane toad (shapeshifter) (Elf:1)
  2 smoke demons (Crypt:3)
  4 gargoyles
  An orange demon (Zot:2)
  A naga skeleton (Crypt:3)
  8 torpor snails
  A hellion (D:5)
  3 rime drakes
  5 cane toads
  8 freezing wraiths
  21 yaktaurs
  2 dire elephant skeletons (Crypt:3)
  6 efreet
  2 tengu conjurers (Depths:2)
  4 redback zombies
  2 tormentors
  6 komodo dragons
  A troll (shapeshifter) (Elf:1)
  A black draconian skeleton (Crypt:2)
  Psyche (D:9)
  27 guardian mummies
  10 trolls
  A harpy zombie (Shoals:4)
  10 hornets
  A polar bear (Lair:5)
  3 wind drakes
  3 tyrant leeches (Lair:5)
  31 merfolk
  2 harpy skeletons
  7 tarantellas
  6 blink frogs
  6 snapping turtles
  2 elf simulacra (Vaults:3)
  4 glass eyes
  2 ettin zombies
  8 dream sheep
  A boulder beetle zombie (D:14)
  4 jumping spider zombies
  2 spriggan zombies
  28 jumping spiders
  2 culicivora zombies
  An ice dragon skeleton (Crypt:2)
  A centaur simulacrum (D:14)
  An air elemental (Elf:3)
  A satyr skeleton (Crypt:2)
  2 wind drake zombies
  7 culicivoras
  94 slime creatures
  A spriggan (shapeshifter) (Elf:1)
  3 shadows
  2 wyverns
  4 spriggans
  A vampire (D:14)
  7 wraiths
  A basilisk (Lair:3)
  11 golden eyes
  2 fire elementals
  3 hogs (D:13)
  A human (D:14)
  11 water elementals
  27 yaks
  3 steam dragons
  11 ushabtiu
  13 vampire mosquitoes
  A swamp worm (shapeshifter) (Vaults:5)
  32 redbacks
  2 faun zombies
  12 elf zombies
  An acid dragon (D:13)
  A water nymph zombie (Shoals:4)
  8 merfolk zombies
  11 water moccasins
  A hell hound (D:13)
  2 great orb of eyes simulacra (IceCv)
  A swamp drake (Lair:5)
  2 manticore zombies (Shoals:4)
  An ice beast (shapeshifter) (Elf:1)
  12 ogres
  6 orc warriors
  A black mamba simulacrum (Tomb:2)
  A boggart (Elf:2)
  4 wolves
  14 laughing skulls
  A torpor snail zombie (Spider:4)
  A human skeleton (Vaults:3)
  A centaur (D:10)
  3 slime creature simulacra (IceCv)
  A kobold brigand (D:8)
  An earth elemental (Elf:3)
  6 bullfrogs
  4 glowing shapeshifter simulacra (IceCv)
  A scorpion (D:6)
  2 cyclops zombies
  2 wights (D:8)
  A yak zombie (D:14)
  4 killer bees (D:11)
  3 vampire bats (Bailey)
  A wolf zombie (Bailey)
  2 orc priests
  3 hell rats (Lair:1)
  2 iguanas (Lair:5)
  An ogre zombie (D:10)
  A hound skeleton (Crypt:2)
  26 mummies
  4 gnolls
  16 orcs
  A hobgoblin (D:8)
  A kobold (D:9)
  5 orc zombies
  2 tentacles (Shoals:4)
1676 creatures vanquished.

Vanquished Creatures (others)
  5 acid blobs
  4 rockslimes
  An azure jelly (Slime:4)
  A deep elf sorcerer (Vaults:1)
  A frost giant (Depths:2)
  2 vault wardens (Vaults:1)
  An orc warlord (Orc:2)
  5 quicksilver oozes
  An ironbound thunderhulk (Vaults:1)
  A stone giant (Vaults:1)
  A very ugly thing (Depths:4)
  2 formless jellyfish (Slime:4)
  A deep elf death mage (Vaults:1)
  A black draconian (Zot:2)
  A bennu (Tomb:3)
  A yellow draconian (Zot:1)
  A spark wasp (Spider:2)
  2 acid blob zombies (Slime:1)
  2 ettins
  A fire dragon (Lair:5)
  A mummy priest (Tomb:3)
  An entropy weaver (Vaults:1)
  A merfolk impaler (Shoals:4)
  2 yaktaur captains
  An ice dragon (Lair:5)
  2 glowing orange brains
  7 great orbs of eyes
  2 boulder beetles
  A dancing weapon (Elf:3)
  A two-headed ogre (shapeshifter) (Vaults:5)
  11 death scarabs
  2 azure jelly zombies
  A deep troll shaman (Depths:1)
  A tengu warrior (Depths:1)
  3 quicksilver ooze zombies
  A titan zombie (Vaults:5)
  A very ugly thing zombie (Vaults:3)
  An iron troll (Zot:2)
  2 skeletal warriors (Tomb:3)
  A glowing orange brain (shapeshifter) (Vaults:5)
  A golden dragon zombie (Vaults:5)
  A flayed ghost (Depths:1)
  2 deep trolls
  An orange crystal statue (IceCv)
  5 arcanists
  3 lindwurms
  A wolf spider zombie (Spider:4)
  An orc knight (Orc:2)
  A harpy (Shoals:4)
  3 deep elf pyromancers
  An ugly thing (shapeshifter) (Depths:3)
  A lightning spire (Elf:1)
  3 deep elf zephyrmancers (Elf:2)
  2 ironbound convokers (Vaults:1)
  2 manticores
  An orc sorcerer (Orc:2)
  A wolf spider (Spider:2)
  12 ugly things
  A moth of wrath (shapeshifter) (Vaults:5)
  A moth of wrath (Spider:2)
  A dire elephant zombie (Vaults:1)
  3 vault sentinels (Vaults:1)
  A water nymph (shapeshifter) (Vaults:5)
  3 formless jellyfish zombies
  2 orb spider zombies (Spider:4)
  3 yaktaurs
  A swamp worm zombie (Vaults:5)
  4 yaktaur zombies (Vaults:5)
  8 guardian mummies (Tomb:3)
  A steelbarb worm zombie (Spider:2)
  A hydra zombie (D:13)
  A redback zombie (Spider:4)
  A harpy zombie (Shoals:3)
  A merfolk (shapeshifter) (Depths:2)
  3 merfolk
  A tyrant leech (Lair:5)
  A dream sheep (Lair:5)
  A snapping turtle (Shoals:1)
  A hornet (Lair:5)
  2 merfolk zombies
  3 blink frogs
  67 slime creatures
  3 black mamba zombies (Lair:5)
  A dream sheep (shapeshifter) (Vaults:5)
  A jumping spider (Spider:2)
  A culicivora zombie (Spider:2)
  5 ugly thing zombies
  A culicivora (Spider:2)
  A yak (Lair:5)
  22 slime creature zombies
  A hog (D:13)
  2 tyrant leech zombies (Lair:5)
  3 wargs
  2 redbacks
  3 deep troll zombies (Vaults:1)
  A water nymph zombie (Shoals:2)
  2 acid dragons (Lair:5)
  3 great orb of eyes simulacra (IceCv)
  5 orc warriors
  2 elf zombies
  7 human zombies
  2 elephant zombies (Lair:5)
  2 ogres (D:10)
  6 hornet zombies (Lair:5)
  7 blink frog zombies
  A torpor snail zombie (Lair:5)
  2 slime creature simulacra (IceCv)
  A komodo dragon zombie (Lair:1)
  A wyvern zombie (Lair:1)
  A bullfrog (shapeshifter) (Depths:3)
  2 warg zombies
  4 water moccasin zombies
  10 yak zombies
  2 troll zombies
  4 wolf zombies
  A bullfrog zombie (Lair:1)
  A centaur zombie (D:8)
  112 jellies
  An orc priest (Orc:1)
  A basilisk zombie (Lair:3)
  2 killer bee zombies (D:11)
  6 ogre zombies
  A mummy (Tomb:1)
  3 orcs (Orc:2)
  2 gnoll zombies (D:9)
  2 kobold zombies
  18 orc zombies
  68 blazeheart cores
  2 tentacles (Shoals:4)
563 creatures vanquished.

Grand Total: 2880 creatures vanquished

Notes
Turn   | Place    | Note
-------+----------+-------------------------------------------
     0 | D:1      | ragingrage the Felid Fighter began the quest for the Orb.
     0 | D:1      | Reached XP level 1. HP: 12/12 MP: 2/2
    39 | D:1      | Reached skill level 1 in Stealth
   134 | D:1      | Reached XP level 2. HP: 13/16 MP: 3/3
   247 | D:1      | Found a faded altar of an unknown god.
   410 | D:1      | Reached XP level 3. HP: 20/20 MP: 4/4
   744 | D:2      | Noticed Sigmund
  1497 | D:3      | Reached XP level 4. HP: 20/24 MP: 5/5
  1497 | D:3      | Gained a life (2 lives remaining)
  1936 | D:3      | Identified the +1 pair of gloves "Essomp" {Int+4 Stlth+}
  2050 | D:3      | Reached skill level 5 in Stealth
  2202 | D:3      | Reached skill level 5 in Unarmed Combat
  2363 | D:3      | Reached XP level 5. HP: 15/28 MP: 6/6
  2839 | D:4      | Learned a level 4 spell: Summon Blazeheart Golem
  2865 | D:4      | Reached skill level 1 in Summonings
  2881 | D:4      | Noticed Edmund
  2926 | D:4      | Reached skill level 1 in Fire Magic
  2934 | D:4      | Gained mutation: You are covered in thick fur. (AC +2)
                  | [Felid growth]
  2934 | D:4      | Reached XP level 6. HP: 26/32 MP: 7/7
  2948 | D:4      | Found a blossoming altar of Fedhas.
  3033 | D:4      | Found a runed translucent gate.
  3033 | D:4      | Found a runed translucent gate.
  3033 | D:4      | Found a runed translucent gate.
  3040 | D:4      | Noticed jrder's ghost (novice BaFi)
  3243 | D:5      | Entered Level 5 of the Dungeon
  3424 | D:4      | Noticed Ijyb
  3436 | D:4      | Killed Ijyb
  3842 | D:5      | Noticed a water moccasin
  3854 | D:5      | Killed a water moccasin
  3854 | D:5      | Killed by an exploding water moccasin... ignited by their
                  | inner flame
  3854 | D:5      | Lost a life (1 life remaining)
  3855 | D:5      | Reached XP level 7. HP: 36/36 MP: 8/8
  3855 | D:5      | Gained a life (2 lives remaining)
  3939 | D:5      | Noticed Grinder
  4112 | D:5      | Killed Grinder
  4113 | D:5      | Reached skill level 5 in Summonings
  4164 | D:5      | Reached XP level 8. HP: 40/40 MP: 9/9
  4565 | D:5      | Learned a level 3 spell: Call Canine Familiar
  4790 | D:6      | Noticed Blork the orc
  4797 | D:6      | Killed Blork the orc
  5124 | D:6      | Noticed Menkaure
  5136 | D:6      | Killed Menkaure
  5270 | D:6      | HP: 2/40 [orc priest/divine providence (10)]
  5271 | D:6      | Killed from afar by an orc priest
  5271 | D:6      | Lost a life (1 life remaining)
  5328 | D:6      | Reached skill level 5 in Fire Magic
  5429 | D:6      | Found a sacrificial altar of Ru.
  5490 | D:6      | Became a worshipper of Ru the Awakened
  5527 | D:6      | Found a staircase to the Ecumenical Temple.
  5536 | Temple   | Entered the Ecumenical Temple
  5556 | Temple   | Fell from the grace of Ru
  5556 | Temple   | Became a worshipper of Kikubaaqudgha
  6100 | D:7      | Reached XP level 9. HP: 26/44 MP: 2/10
  6101 | D:7      | Reached skill level 1 in Spellcasting
  6102 | D:7      | Reached skill level 5 in Dodging
  6219 | D:7      | Identified the +3 great mace "Bofirof" {drain, Int+2 Dex+2
                  | Stlth+}
  6226 | D:7      | Noticed zenocrate's ghost (novice DEEE)
  6227 | D:7      | Found a transporter.
  6808 | D:7      | Identified a scroll of acquirement
  6844 | D:8      | Found a flagged portal.
  6939 | Bailey   | Entered a bailey
  6997 | Bailey   | Reached * piety under Kikubaaqudgha
  6997 | Bailey   | Received a gift from Kikubaaqudgha
  7078 | Bailey   | Reached skill level 1 in Necromancy
  7089 | Bailey   | Identified the amulet of Haratod {Regen+ Dex+2}
  7141 | Bailey   | Noticed a gargoyle
  7149 | Bailey   | Killed a gargoyle
  7150 | Bailey   | Reached skill level 2 in Necromancy
  7393 | Bailey   | Reached skill level 5 in Fighting
  7481 | Bailey   | Reached skill level 3 in Necromancy
  7497 | Bailey   | Reached XP level 10. HP: 50/51 MP: 12/17
  7497 | Bailey   | Gained a life (2 lives remaining)
  7542 | Bailey   | Reached ** piety under Kikubaaqudgha
  7813 | Bailey   | Identified the +8 short sword of Forging Infinite Pain
                  | {freeze, rPois rC+ rCorr Dex+3}
  7890 | D:8      | Learned a level 4 spell: Animate Dead
  7947 | D:8      | Noticed an elephant
  7948 | D:8      | Found a staircase to the Lair.
  7969 | D:8      | Reached skill level 4 in Necromancy
  7981 | D:8      | Killed an elephant
  7988 | D:8      | Reached skill level 5 in Necromancy
  7997 | D:8      | HP: 1/53 [bullfrog (5)]
  7997 | D:8      | Mangled by a kobold brigand
  7997 | D:8      | Lost a life (1 life remaining)
  8273 | D:8      | Reached skill level 6 in Necromancy
  8776 | D:8      | Reached skill level 7 in Necromancy
  8851 | D:8      | Learned a level 6 spell: Death Channel
  8924 | D:9      | Noticed Psyche
  8933 | D:9      | Killed Psyche
  8996 | D:9      | Found an iron altar of Okawaru.
  9001 | D:9      | Found a stormy altar of Qazlal.
  9050 | D:9      | Reached skill level 8 in Necromancy
  9416 | D:9      | Acquired a manual of Necromancy
  9425 | D:9      | Reached *** piety under Kikubaaqudgha
  9425 | D:9      | Received a gift from Kikubaaqudgha
  9444 | D:9      | Reached skill level 9 in Necromancy
  9628 | D:9      | Found a hide-covered altar of Uskayaw.
  9931 | D:9      | Reached XP level 11. HP: 55/56 MP: 13/18
  9998 | D:9      | Found a staircase to the Orcish Mines.
 10005 | D:9      | Reached skill level 10 in Necromancy
 10087 | D:10     | Entered Level 10 of the Dungeon
 10179 | D:10     | Noticed Josephine
 10222 | D:10     | Killed Josephine
 10223 | D:10     | Reached skill level 11 in Necromancy
 10376 | D:10     | Noticed Grum
 10377 | D:10     | Reached skill level 12 in Necromancy
 10392 | D:10     | Killed Grum
 10393 | D:10     | Noticed Lodul
 10395 | D:10     | Your ally Grum died
 10480 | Lair:1   | Entered Level 1 of the Lair of Beasts
 10491 | Lair:1   | Reached skill level 13 in Necromancy
 10669 | Lair:1   | Reached **** piety under Kikubaaqudgha
 10671 | Lair:1   | Reached skill level 1 in Earth Magic
 10709 | Lair:1   | Reached skill level 5 in Spellcasting
 10709 | Lair:1   | Reached skill level 14 in Necromancy
 10862 | Lair:1   | Slain by a yak
 10862 | Lair:1   | Lost a life (0 lives remaining)
 11756 | Lair:2   | Identified the +5 scale mail of the Maze {rPois Str+3
                  | Int-4}
 12068 | Lair:2   | Gained mutation: Your thick and shaggy fur keeps you warm.
                  | (AC +3, rC+) [Felid growth]
 12068 | Lair:2   | Reached XP level 12. HP: 61/61 MP: 6/21
 12086 | Lair:2   | Found a runed translucent gate.
 12089 | Lair:2   | Found a runed translucent gate.
 12090 | Lair:2   | Found a runed translucent gate.
 12091 | Lair:2   | Noticed a seven-headed hydra
 12092 | Lair:2   | Noticed zenocrate's ghost (journeyman DgEE)
 12097 | Lair:2   | Noticed a death yak
 12186 | Lair:2   | Noticed a six-headed hydra
 12195 | Lair:2   | Killed a six-headed hydra
 12530 | Lair:3   | Noticed Gastronok
 12625 | Lair:3   | Learned a level 4 spell: Anguish
 12781 | Lair:3   | Killed Gastronok
 12853 | Lair:3   | Noticed a death yak
 12855 | Lair:3   | Noticed a death yak
 12856 | Lair:3   | Noticed a death yak
 12857 | Lair:3   | Noticed a death yak
 12860 | Lair:3   | Noticed a death yak
 12869 | Lair:3   | Killed a death yak
 12880 | Lair:3   | Killed a death yak
 12880 | Lair:3   | Killed a death yak
 12881 | Lair:3   | Reached skill level 5 in Earth Magic
 12883 | Lair:3   | Killed a death yak
 12885 | Lair:3   | Killed a death yak
 12886 | Lair:3   | Reached skill level 5 in Hexes
 13070 | Lair:3   | Noticed a seven-headed hydra
 13084 | Lair:3   | Killed a seven-headed hydra
 13200 | Lair:3   | Found a staircase to the Shoals.
 13224 | Lair:3   | Reached skill level 15 in Necromancy
 13380 | Lair:3   | Found a hole to the Spider Nest.
 13958 | Lair:3   | Learned a level 5 spell: Borgnjor's Vile Clutch
 14062 | Lair:4   | Identified the ring "Ashoaq" {rC+ rN+ Int+3 Dex-4}
 14286 | Lair:4   | Reached ***** piety under Kikubaaqudgha
 14316 | Lair:4   | Reached skill level 16 in Necromancy
 14652 | Lair:4   | Reached XP level 13. HP: 65/65 MP: 26/26
 14652 | Lair:4   | Gained a life (1 life remaining)
 15232 | Lair:5   | Entered Level 5 of the Lair of Beasts
 15299 | Lair:5   | Reached skill level 17 in Necromancy
 15303 | Lair:5   | Found a runed translucent gate.
 15313 | Lair:5   | Found a runed translucent gate.
 15314 | Lair:5   | Found a runed translucent gate.
 15315 | Lair:5   | Noticed jasper's ghost (journeyman OpFi)
 15565 | Lair:5   | Reached skill level 18 in Necromancy
 16406 | Lair:5   | Found a viscous altar of Jiyva.
 16411 | Lair:5   | Found a staircase to the Slime Pits.
 16541 | Lair:5   | Noticed a fire dragon
 16546 | Lair:5   | Killed a fire dragon
 16547 | Lair:5   | Reached skill level 19 in Necromancy
 17167 | D:8      | Identified the +0 leather armour of Disaster {Fly Str+4
                  | Stlth-}
 17205 | Orc:1    | Entered Level 1 of the Orcish Mines
 17470 | Orc:1    | Reached XP level 14. HP: 70/70 MP: 25/27
 17725 | Orc:2    | Entered Level 2 of the Orcish Mines
 17725 | Orc:2    | Found Kuacats's Antique Armour Boutique.
 17785 | Orc:2    | Found a staircase to the Elven Halls.
 17903 | Orc:2    | Reached ****** piety under Kikubaaqudgha
 17909 | Orc:2    | Found Yhoasch's Jewellery Emporium.
 17917 | Orc:2    | Received a gift from Kikubaaqudgha (forbidden knowledge)
 17977 | Orc:2    | Noticed an orc warlord
 17978 | Orc:2    | Found Niziqef's Antique Weapon Shoppe.
 17997 | Orc:2    | Killed an orc warlord
 18172 | Orc:2    | Found Maich's General Store.
 18184 | Orc:2    | Learned a level 7 spell: Haunt
 18222 | Orc:2    | Bought a potion of invisibility for 88 gold pieces
 18222 | Orc:2    | Bought a condenser vane for 440 gold pieces
 19479 | Slime:1  | Entered Level 1 of the Pits of Slime
 19479 | Slime:1  | Noticed a formless jellyfish
 19479 | Slime:1  | Noticed a formless jellyfish
 19479 | Slime:1  | Noticed a formless jellyfish
 19482 | Slime:1  | Paralysed by a formless jellyfish for 1 turns
 19484 | Slime:1  | Noticed a rockslime
 19485 | Slime:1  | Killed a formless jellyfish
 19489 | Slime:1  | Killed a formless jellyfish
 19493 | Slime:1  | Killed a formless jellyfish
 19510 | Slime:1  | Reached skill level 10 in Summonings
 19692 | Slime:1  | Noticed a rockslime
 19701 | Slime:1  | Killed a rockslime
 19702 | Slime:1  | Reached skill level 10 in Spellcasting
 19763 | Slime:1  | Found a viscous altar of Jiyva.
 19763 | Slime:1  | Noticed an acid blob
 19774 | Slime:1  | Killed an acid blob
 19989 | Slime:2  | Noticed an acid blob
 19989 | Slime:2  | Noticed a quicksilver ooze
 19996 | Slime:2  | You fall into a shaft and drop 1 floor!
 19996 | Slime:3  | Noticed an azure jelly
 19996 | Slime:3  | Noticed a rockslime
 20003 | Slime:3  | Killed a rockslime
 20005 | Slime:3  | Noticed a quicksilver ooze
 20005 | Slime:3  | Killed an azure jelly
 20006 | Slime:3  | Reached XP level 15. HP: 24/73 MP: 4/30
 20275 | Slime:4  | Noticed an acid blob
 20275 | Slime:4  | Noticed a rockslime
 20275 | Slime:4  | Noticed a rockslime
 20279 | Slime:4  | Noticed an azure jelly
 20282 | Slime:4  | Killed an acid blob
 20284 | Slime:4  | Killed a rockslime
 20289 | Slime:4  | Killed an azure jelly
 20290 | Slime:4  | Killed a rockslime
 20292 | Slime:4  | Reached skill level 20 in Necromancy
 20302 | Slime:4  | Learned a level 8 spell: Infestation
 20731 | Slime:5  | Entered Level 5 of the Pits of Slime
 20766 | Slime:5  | Noticed an azure jelly
 20771 | Slime:5  | Killed an azure jelly
 20777 | Slime:5  | Noticed an acid blob
 20780 | Slime:5  | Noticed an acid blob
 20780 | Slime:5  | Noticed an acid blob
 20781 | Slime:5  | Noticed an acid blob
 20783 | Slime:5  | Killed an acid blob
 20785 | Slime:5  | Noticed an azure jelly
 20786 | Slime:5  | Killed an acid blob
 20793 | Slime:5  | Killed an acid blob
 20794 | Slime:5  | Killed an acid blob
 20818 | Slime:5  | Noticed an acid blob
 20826 | Slime:5  | Killed an acid blob
 20920 | Slime:5  | Noticed an acid blob
 20927 | Slime:5  | Killed an acid blob
 20975 | Slime:5  | Noticed an acid blob
 20981 | Slime:5  | Killed an acid blob
 20996 | Slime:5  | Noticed a rockslime
 21001 | Slime:5  | Killed a rockslime
 21050 | Slime:5  | Noticed an acid blob
 21055 | Slime:5  | Killed an acid blob
 21112 | Slime:5  | Found the amulet of Vitality {Regen++ RegenMP++}
 21113 | Slime:5  | Noticed the Royal Jelly
 21149 | Slime:5  | Found a viscous altar of Jiyva.
 21203 | Slime:4  | Noticed a rockslime
 21207 | Slime:4  | Gained mutation: You possess an exceptional clarity of
                  | mind. [a shining eye]
 21212 | Slime:4  | Killed a rockslime
 21400 | Slime:3  | Noticed a rockslime
 21403 | Slime:3  | Paralysed by a formless jellyfish for 1 turns
 21405 | Slime:3  | Reached XP level 16. HP: 40/81 MP: 16/32
 21405 | Slime:3  | Gained a life (2 lives remaining)
 21409 | Slime:3  | Paralysed by a formless jellyfish for 1 turns
 21642 | Slime:2  | Noticed an acid blob
 21651 | Slime:2  | Killed an acid blob
 21925 | Slime:2  | Killed an acid blob
 22446 | Orc:2    | Bought an amulet of magic regeneration for 360 gold pieces
 22683 | Lair:5   | Fell from the grace of Kikubaaqudgha
 22683 | Lair:5   | Became a worshipper of Jiyva Juiced the Shapeless
 22886 | D:10     | Killed Lodul
 23043 | D:10     | Noticed Harold
 23054 | D:10     | Killed Harold
 23485 | D:11     | Reached * piety under Jiyva
 23511 | D:11     | You fall into a shaft and drop 3 floors!
 23534 | D:14     | Reached skill level 10 in Dodging
 23812 | D:14     | Reached ** piety under Jiyva
 24238 | D:13     | Reached skill level 21 in Necromancy
 24259 | D:13     | Noticed Kirke
 24260 | D:13     | Noticed Snorg
 24267 | D:13     | Killed Snorg
 24273 | D:13     | Killed Kirke
 24458 | D:13     | Reached *** piety under Jiyva
 24656 | D:13     | Found a gate to the Vaults.
 24686 | D:12     | Gained mutation: You expend magic power (3 MP) to
                  | strengthen your wands. [Jiyva's grace]
 24686 | D:12     | Gained mutation: You are agile. (Dex +4, Str/Int -1)
                  | [Jiyva's grace]
 24686 | D:12     | Gained mutation: You are very agile. (Dex +8, Str/Int -2)
                  | [Jiyva's grace]
 24686 | D:12     | Gained mutation: You have acidic saliva. [Jiyva's grace]
 24725 | D:12     | Noticed Frances
 24732 | D:12     | Killed Frances
 24950 | D:12     | Reached **** piety under Jiyva
 25101 | D:12     | Found Wiud's Distillery.
 25106 | D:12     | Bought a potion of heal wounds for 50 gold pieces
 25631 | D:11     | Gained mutation: Your rubbery body absorbs attacks. (AC +1,
                  | EV +1) [Jiyva's grace]
 25631 | D:11     | Gained mutation: Your pliable body absorbs attacks. (AC +2,
                  | EV +2) [Jiyva's grace]
 25631 | D:11     | Gained mutation: Your gelatinous body deflects attacks. (AC
                  | +3, EV +3) [Jiyva's grace]
 25631 | D:11     | Gained mutation: You have a small jelly attached to you
                  | that may absorb projectiles. [Jiyva's grace]
 25773 | D:11     | Noticed Urug
 25778 | D:11     | Killed Urug
 25857 | D:11     | Reached ***** piety under Jiyva
 26315 | Spider:1 | Entered Level 1 of the Spider Nest
 26839 | Spider:2 | Reached XP level 17. HP: 44/88 MP: 28/34
 27000 | Spider:2 | Found a runed translucent door.
 27000 | Spider:2 | Noticed draino's ghost (journeyman FeSu)
 27181 | Spider:2 | Reached skill level 10 in Fighting
 27474 | Spider:3 | Noticed Roxanne
 27480 | Spider:3 | Killed Roxanne
 27511 | Spider:3 | Lost mutation: Your gelatinous body deflects attacks. (AC
                  | +3, EV +3) [Jiyva's grace]
 27511 | Spider:3 | Gained mutation: Your melee attacks may engulf your foes in
                  | ooze. [Jiyva's grace]
 27511 | Spider:3 | Gained mutation: You have an increased reservoir of magic.
                  | (+10% MP) [Jiyva's grace]
 27511 | Spider:3 | Gained mutation: You have a considerably increased
                  | reservoir of magic. (+20% MP) [Jiyva's grace]
 27511 | Spider:3 | Gained mutation: You have a greatly increased reservoir of
                  | magic. (+30% MP) [Jiyva's grace]
 27640 | Spider:4 | Entered Level 4 of the Spider Nest
 27674 | Spider:4 | Found a glacial archway.
 27724 | Spider:4 | Noticed Mara
 27728 | Spider:4 | Noticed ragingrage's illusion
 27739 | IceCv    | Entered an ice cave
 27871 | IceCv    | Found a viscous altar of Jiyva.
 27889 | IceCv    | Got the ring of Tada {Ice Str+4}
 27995 | Spider:4 | Killed Mara
 28005 | Spider:4 | Noticed Arachne
 28094 | Spider:4 | Killed Arachne
 28148 | Spider:4 | Identified the serpent talisman of Complete Protection {rF+
                  | Slay+3 Stlth+}
 28148 | Spider:4 | Noticed Aizul
 28156 | Spider:4 | Reached skill level 22 in Necromancy
 28159 | Spider:4 | Killed Aizul
 28230 | Spider:4 | Reached XP level 18. HP: 93/93 MP: 47/47
 28382 | Spider:4 | Got a gossamer rune of Zot
 28385 | Spider:4 | Got a milky-white gem with 536 turns to spare
 28722 | Spider:2 | Identified the +8 battleaxe of Ysub {antimagic, Str+2}
 29450 | Shoals:1 | Entered Level 1 of the Shoals
 29477 | Shoals:1 | Found Hockaphoo's Assorted Antiques.
 29512 | Shoals:1 | Learned a level 9 spell: Death's Door
 29615 | Shoals:1 | Reached skill level 23 in Necromancy
 29707 | Shoals:1 | Reached ****** piety under Jiyva
 29797 | Shoals:2 | Lost mutation: You are very agile. (Dex +8, Str/Int -2)
                  | [Jiyva's grace]
 29797 | Shoals:2 | Lost mutation: You have a greatly increased reservoir of
                  | magic. (+30% MP) [Jiyva's grace]
 29797 | Shoals:2 | Gained mutation: Your spells are a little harder to cast,
                  | but a little more powerful. [Jiyva's grace]
 29797 | Shoals:2 | Gained mutation: Your spells are harder to cast, but more
                  | powerful. [Jiyva's grace]
 29797 | Shoals:2 | Gained mutation: Your spells are much harder to cast, but
                  | much more powerful. [Jiyva's grace]
 29797 | Shoals:2 | Gained mutation: You have a small jelly attached to you
                  | that senses nearby items. [Jiyva's grace]
 29848 | Shoals:2 | Found Itwi's Self-Improvement Boutique.
 29873 | Shoals:2 | Bought a manual of Unarmed Combat for 1120 gold pieces
 30058 | Shoals:3 | Noticed Jorgrun
 30063 | Shoals:3 | Killed Jorgrun
 30092 | Shoals:3 | Found Qoozos's Book Shop.
 30186 | Shoals:4 | Entered Level 4 of the Shoals
 30205 | Shoals:4 | Reached skill level 10 in Unarmed Combat
 30206 | Shoals:4 | Reached skill level 1 in Evocations
 30209 | Shoals:4 | HP: 4/91 [spectral alligator snapping turtle (27)]
 30286 | Shoals:4 | Got a barnacled rune of Zot
 30289 | Shoals:4 | Got an azure gem with 860 turns to spare
 30307 | Shoals:4 | Reached skill level 24 in Necromancy
 30389 | Shoals:4 | Killed from afar by a water nymph
 30389 | Shoals:4 | Lost a life (1 life remaining)
 30390 | Shoals:4 | Found Huty's Book Shoppe.
 30430 | Shoals:4 | Reached skill level 5 in Evocations
 30432 | Shoals:4 | Reached XP level 19. HP: 98/98 MP: 33/44
 30432 | Shoals:4 | Gained a life (2 lives remaining)
 30851 | Slime:5  | Identified the ring "Quuck" {rPois rF+ Dex+6 Slay-6}
 30865 | Slime:5  | Got a slimy rune of Zot
 30873 | Slime:5  | Identified the ring "Diclej" {rC- rN+ MP+9 AC+4 Slay+3}
 30875 | Slime:5  | Identified the +3 acid dragon scales "Uneha" {rCorr Str+3}
 30917 | Slime:5  | Identified the +3 scale mail "Cerilola" {+Inv Slay+2}
 31212 | Elf:1    | Entered Level 1 of the Elven Halls
 31247 | Elf:1    | Lost mutation: You possess an exceptional clarity of mind.
                  | [Jiyva's grace]
 31247 | Elf:1    | Lost mutation: Your spells are much harder to cast, but
                  | much more powerful. [Jiyva's grace]
 31247 | Elf:1    | Lost mutation: Your spells are harder to cast, but more
                  | powerful. [Jiyva's grace]
 31247 | Elf:1    | Lost mutation: Your pliable body absorbs attacks. (AC +2,
                  | EV +2) [Jiyva's grace]
 31247 | Elf:1    | Lost mutation: Your melee attacks may engulf your foes in
                  | ooze. [Jiyva's grace]
 31247 | Elf:1    | Gained mutation: Your melee attacks may engulf your foes in
                  | ooze. [Jiyva's grace]
 31247 | Elf:1    | Gained mutation: You are covered in slimy tendrils that may
                  | disarm your opponents. [Jiyva's grace]
 31247 | Elf:1    | Gained mutation: Your body has grown eyes which may confuse
                  | attackers. (Acc +3) [Jiyva's grace]
 31247 | Elf:1    | Gained mutation: Your body has grown many eyes which may
                  | confuse attackers. (Acc +5) [Jiyva's grace]
 31254 | Elf:1    | Reached skill level 1 in Shapeshifting
 31661 | Elf:1    | Found a runed translucent door.
 31746 | Elf:2    | Noticed Zenata
 31753 | Elf:2    | Killed Zenata
 31841 | Elf:3    | Entered Level 3 of the Elven Halls
 31841 | Elf:3    | Found a shimmering blue altar of Sif Muna.
 31888 | Elf:3    | Paralysed by an air elemental for 1 turns
 31893 | Elf:3    | Paralysed by an orc sorcerer for 3 turns
 31996 | Elf:3    | Reached skill level 25 in Necromancy
 32064 | Elf:3    | Was forgiven by Kikubaaqudgha
 32118 | Elf:3    | Identified the ring "Zaiblyim" {rPois EV+5 Dex+3}
 32159 | Elf:3    | Identified the +4 plate armour "Ibbeohux" {rCorr}
 32207 | Elf:3    | Got a shimmering gem with 813 turns to spare
 32500 | Elf:2    | Noticed Unkuwan's ghost (adept CoBe)
 32502 | Elf:2    | Found a bloodstained altar of Trog.
 32509 | Elf:2    | Found a transporter.
 32517 | Elf:2    | Found a transporter.
 32564 | Elf:2    | Reached XP level 20. HP: 76/102 MP: 42/46
 32601 | Elf:2    | Found a runed translucent gate.
 32601 | Elf:2    | Found a runed translucent gate.
 32601 | Elf:2    | Found a runed translucent gate.
 32783 | Elf:1    | Reached skill level 26 in Necromancy
 32787 | Elf:1    | Got the Guide on Reagents
 33045 | D:15     | Entered Level 15 of the Dungeon
 33088 | D:15     | Lost mutation: You have a considerably increased reservoir
                  | of magic. (+20% MP) [Jiyva's grace]
 33088 | D:15     | Lost mutation: You have an increased reservoir of magic.
                  | (+10% MP) [Jiyva's grace]
 33088 | D:15     | Lost mutation: You have a small jelly attached to you that
                  | senses nearby items. [Jiyva's grace]
 33088 | D:15     | Gained mutation: Your muscles are strong. (Str +4, Int/Dex
                  | -1) [Jiyva's grace]
 33088 | D:15     | Gained mutation: Your muscles are very strong. (Str +8,
                  | Int/Dex -2) [Jiyva's grace]
 33088 | D:15     | Gained mutation: You are very agile. (Dex +8, Str/Int -2)
                  | [Jiyva's grace]
 33088 | D:15     | Gained mutation: You are robust. (+10% HP) [Jiyva's grace]
 33228 | D:15     | Found a staircase to the Depths.
 33853 | Vaults:1 | Entered Level 1 of the Vaults
 33899 | Vaults:1 | Noticed Saint Roka
 33913 | Vaults:1 | Killed Saint Roka
 33988 | Vaults:1 | Found Henwup's General Store.
 33995 | Vaults:1 | Bought a potion of curing for 54 gold pieces
 33995 | Vaults:1 | Bought a potion of curing for 54 gold pieces
 33999 | Vaults:1 | Bought a potion of brilliance for 72 gold pieces
 34048 | Vaults:1 | Reached skill level 15 in Dodging
 34080 | Vaults:1 | Identified the ring of Oklam {rN+ rCorr Int+3 Dex-2}
 34285 | Vaults:1 | Learned a level 4 spell: Dispel Undead
 34444 | Vaults:2 | Found a magical portal.
 34449 | WizLab   | Entered Borgnjor's Mausoleum
 34518 | WizLab   | Reached skill level 5 in Shapeshifting
 34986 | Vaults:2 | Reached XP level 21. HP: 119/119 MP: 29/40
 35142 | Vaults:3 | Found a staircase to the Crypt.
 35160 | Vaults:3 | Found Zeenihol's Antique Weapon Shop.
 35161 | Vaults:3 | Found Piwiodgh's Weapon Emporium.
 35237 | Vaults:3 | Lost mutation: Your muscles are very strong. (Str +8,
                  | Int/Dex -2) [Jiyva's grace]
 35237 | Vaults:3 | Lost mutation: Your spells are a little harder to cast, but
                  | a little more powerful. [Jiyva's grace]
 35237 | Vaults:3 | Lost mutation: You have acidic saliva. [Jiyva's grace]
 35237 | Vaults:3 | Lost mutation: Your body has grown many eyes which may
                  | confuse attackers. (Acc +5) [Jiyva's grace]
 35237 | Vaults:3 | Lost mutation: Your melee attacks may engulf your foes in
                  | ooze. [Jiyva's grace]
 35237 | Vaults:3 | Gained mutation: You are very robust. (+20% HP) [Jiyva's
                  | grace]
 35237 | Vaults:3 | Gained mutation: You are extremely robust. (+30% HP)
                  | [Jiyva's grace]
 35237 | Vaults:3 | Gained mutation: You have a somewhat thin skeletal
                  | structure. (Dex +2, Stealth+) [Jiyva's grace]
 35237 | Vaults:3 | Gained mutation: You have a moderately thin skeletal
                  | structure. (Dex +4, Stealth++) [Jiyva's grace]
 35257 | Vaults:3 | Found Petunk's Armour Emporium.
 35855 | Vaults:4 | Identified the ring of Vanity {AC+4 Int+5 Slay+3}
 36124 | Vaults:5 | Entered Level 5 of the Vaults
 36144 | Vaults:5 | Reached skill level 27 in Necromancy
 36206 | Vaults:5 | Reached skill level 1 in Air Magic
 36210 | Vaults:5 | Noticed a golden dragon
 36219 | Vaults:5 | Killed a golden dragon
 36229 | Vaults:5 | Got a shining gem with 1743 turns to spare
 36245 | Vaults:5 | Got a silver rune of Zot
 36305 | Vaults:5 | Noticed a golden dragon
 36308 | Vaults:5 | Killed a golden dragon
 36345 | Vaults:5 | Reached XP level 22. HP: 148/148 MP: 28/41
 36370 | Vaults:5 | Identified the +6 trident "Killer Bee's Death" {venom, rN+
                  | Str+3}
 36385 | Vaults:5 | Got Goinyzeg's Precepts of Hurting
 36599 | Vaults:5 | Got the Compilation of the Sparrow
 36615 | Vaults:5 | Reached skill level 10 in Stealth
 36628 | Vaults:5 | Lost mutation: You are extremely robust. (+30% HP) [Jiyva's
                  | grace]
 36628 | Vaults:5 | Lost mutation: Your rubbery body absorbs attacks. (AC +1,
                  | EV +1) [Jiyva's grace]
 36628 | Vaults:5 | Gained mutation: You have acidic saliva. [Jiyva's grace]
 36628 | Vaults:5 | Gained mutation: You are partially covered in iridescent
                  | scales. (AC +2) [Jiyva's grace]
 36628 | Vaults:5 | Gained mutation: You are mostly covered in iridescent
                  | scales. (AC +4) [Jiyva's grace]
 36628 | Vaults:5 | Gained mutation: You are completely covered in iridescent
                  | scales. (AC +6) [Jiyva's grace]
 36641 | Vaults:5 | Noticed Mennas
 36702 | Vaults:5 | Killed Mennas
 36835 | Vaults:5 | Identified the +6 plate armour of Rontiabb {Harm rC+ Int+2}
 37151 | Crypt:1  | Entered Level 1 of the Crypt
 37259 | Crypt:1  | Noticed Bai Suzhen
 37278 | Crypt:1  | Killed Bai Suzhen
 37337 | Crypt:2  | Acquired the ring of Tudy {rElec rF+ Stlth+}
 37391 | Crypt:2  | Noticed Vv
 37404 | Crypt:2  | Killed Vv
 37405 | Crypt:2  | Reached skill level 10 in Shapeshifting
 37414 | Crypt:2  | Identified the orb of Raptimih {light, SInv Ice}
 37414 | Crypt:2  | Noticed Frederick
 37418 | Crypt:2  | Killed Frederick
 37517 | Crypt:3  | Entered Level 3 of the Crypt
 37552 | Crypt:3  | Noticed Khufu
 37553 | Crypt:3  | Noticed a royal mummy
 37561 | Crypt:3  | Killed Khufu
 37566 | Crypt:3  | Killed a royal mummy
 37687 | Crypt:3  | Found a staircase to the Tomb.
 37692 | Crypt:3  | Reached XP level 23. HP: 145/145 MP: 35/42
 37890 | Crypt:3  | Identified the ring "Paothrarimm" {rN+ AC+4}
 38085 | Crypt:3  | Reached skill level 10 in Hexes
 38182 | Crypt:3  | Found an ancient bone altar of Kikubaaqudgha.
 38184 | Crypt:3  | Noticed an ancient lich
 38191 | Crypt:3  | Killed an ancient lich
 38204 | Crypt:3  | Noticed an ancient lich
 38210 | Crypt:3  | Killed an ancient lich
 38215 | Crypt:3  | Got an ivory gem with 736 turns to spare
 38393 | Tomb:1   | Entered Level 1 of the Tomb of the Ancients
 38507 | Tomb:1   | Noticed a royal mummy
 38510 | Tomb:1   | Killed a royal mummy
 38540 | Tomb:1   | Lost mutation: You have a moderately thin skeletal
                  | structure. (Dex +4, Stealth++) [Jiyva's grace]
 38540 | Tomb:1   | Lost mutation: You are very robust. (+20% HP) [Jiyva's
                  | grace]
 38540 | Tomb:1   | Lost mutation: Your muscles are strong. (Str +4, Int/Dex
                  | -1) [Jiyva's grace]
 38540 | Tomb:1   | Lost mutation: You are covered in slimy tendrils that may
                  | disarm your opponents. [Jiyva's grace]
 38540 | Tomb:1   | Gained mutation: Your rubbery body absorbs attacks. (AC +1,
                  | EV +1) [Jiyva's grace]
 38540 | Tomb:1   | Gained mutation: Your pliable body absorbs attacks. (AC +2,
                  | EV +2) [Jiyva's grace]
 38540 | Tomb:1   | Gained mutation: Your gelatinous body deflects attacks. (AC
                  | +3, EV +3) [Jiyva's grace]
 38540 | Tomb:1   | Gained mutation: You are covered in slimy tendrils that may
                  | disarm your opponents. [Jiyva's grace]
 38627 | Tomb:2   | Noticed a royal mummy
 38627 | Tomb:2   | Noticed a royal mummy
 38629 | Tomb:2   | Noticed a royal mummy
 38665 | Tomb:2   | Noticed a royal mummy
 38676 | Tomb:2   | Killed a royal mummy
 38676 | Tomb:2   | Killed a royal mummy
 38678 | Tomb:2   | Killed a royal mummy
 38680 | Tomb:2   | Killed a royal mummy
 38694 | Tomb:2   | Upgraded the game from 0.32-a0-675-gdc239d62e1 to
                  | 0.32-a0-685-g93135e86f0
 38795 | Tomb:2   | Learned a level 8 spell: Discord
 38797 | Tomb:1   | Noticed a royal mummy
 38811 | Tomb:1   | Killed a royal mummy
 38811 | Tomb:1   | Noticed a royal mummy
 38815 | Tomb:1   | Noticed a royal mummy
 38821 | Tomb:1   | Killed a royal mummy
 38821 | Tomb:1   | Noticed a royal mummy
 38827 | Tomb:1   | Noticed a royal mummy
 38829 | Tomb:1   | Killed a royal mummy
 38830 | Tomb:1   | Reached skill level 15 in Spellcasting
 38864 | Tomb:1   | Killed a royal mummy
 38869 | Tomb:1   | Killed a royal mummy
 38872 | Tomb:1   | Gained mutation: You are dopey. (Int -2) [mutagenic glow]
 38882 | Tomb:1   | Noticed a royal mummy
 38883 | Tomb:1   | Lost mutation: You are very agile. (Dex +8, Str/Int -2)
                  | [mutagenic glow]
 38888 | Tomb:1   | Killed a royal mummy
 38902 | Tomb:1   | Noticed a royal mummy
 38904 | Tomb:1   | Noticed a royal mummy
 38905 | Tomb:1   | Noticed a royal mummy
 38908 | Tomb:1   | Noticed a royal mummy
 38911 | Tomb:1   | Killed a royal mummy
 38912 | Tomb:1   | Reached skill level 15 in Hexes
 38915 | Tomb:1   | Killed a royal mummy
 38915 | Tomb:1   | Killed a royal mummy
 38919 | Tomb:1   | Killed a royal mummy
 38931 | Tomb:1   | Noticed a royal mummy
 38936 | Tomb:1   | Noticed a royal mummy
 38936 | Tomb:1   | Killed a royal mummy
 38945 | Tomb:1   | Killed a royal mummy
 38947 | Tomb:1   | Gained mutation: You are very dopey. (Int -4) [mutagenic
                  | glow]
 38953 | Tomb:1   | Lost mutation: You are agile. (Dex +4, Str/Int -1)
                  | [mutagenic glow]
 38963 | Tomb:1   | Noticed a royal mummy
 38971 | Tomb:1   | Killed a royal mummy
 38995 | Tomb:1   | Noticed a royal mummy
 39002 | Tomb:1   | Killed a royal mummy
 39003 | Tomb:1   | Reached XP level 24. HP: 130/136 MP: 33/43
 39012 | Tomb:1   | Noticed a royal mummy
 39017 | Tomb:1   | Killed a royal mummy
 39019 | Tomb:1   | Noticed a royal mummy
 39026 | Tomb:1   | Killed a royal mummy
 39026 | Tomb:1   | Noticed a royal mummy
 39032 | Tomb:1   | Killed a royal mummy
 39034 | Tomb:1   | Noticed a royal mummy
 39039 | Tomb:1   | Killed a royal mummy
 39040 | Tomb:1   | Noticed a royal mummy
 39046 | Tomb:1   | Killed a royal mummy
 39122 | Tomb:3   | Entered Level 3 of the Tomb of the Ancients
 39159 | Tomb:3   | Noticed a royal mummy
 39186 | Tomb:3   | Found the +7 lajatang of Order {silver, rMut}
 39198 | Tomb:3   | Noticed a royal mummy
 39199 | Tomb:3   | Noticed a royal mummy
 39213 | Tomb:3   | Got a sanguine gem with 886 turns to spare
 39215 | Tomb:3   | Got a golden rune of Zot
 39216 | Tomb:3   | Noticed a royal mummy
 39224 | Tomb:3   | Noticed a royal mummy
 39227 | Tomb:3   | Killed a royal mummy
 39229 | Tomb:3   | Killed a royal mummy
 39231 | Tomb:3   | Killed a royal mummy
 39232 | Tomb:3   | Killed a royal mummy
 39237 | Tomb:3   | Found the dreamshard necklace {Acrobat *Dream}
 39237 | Tomb:3   | Noticed a royal mummy
 39237 | Tomb:3   | Noticed a royal mummy
 39237 | Tomb:3   | Noticed a royal mummy
 39253 | Tomb:3   | Identified the amulet "Difuvoim" {Faith Harm rF+}
 39255 | Tomb:3   | Identified the ring "Recungem" {rCorr Int+5 Dex-5 Stlth+}
 39262 | Tomb:3   | Identified the +1 cloak of Dethrumod {rElec Str+5 Int+2}
 39265 | Tomb:3   | Killed a royal mummy
 39582 | Vaults:3 | Found Liaxuac's Book Shop.
 39838 | D:15     | Learned a level 4 spell: Vhi's Electric Charge
 39841 | Depths:1 | Entered Level 1 of the Depths
 39847 | Depths:1 | Reached skill level 1 in Translocations
 40007 | Depths:1 | Identified the +5 dagger "Beastbane" {speed, rPois Dex+3}
 40115 | Depths:1 | Reached skill level 5 in Translocations
 40310 | Depths:2 | Found a one-way gateway to a ziggurat.
 40372 | Depths:2 | Reached XP level 25. HP: 95/146 MP: 31/44
 40413 | Depths:2 | Lost mutation: You have a somewhat thin skeletal structure.
                  | (Dex +2, Stealth+) [Jiyva's grace]
 40413 | Depths:2 | Lost mutation: You are very dopey. (Int -4) [Jiyva's grace]
 40413 | Depths:2 | Lost mutation: You are dopey. (Int -2) [Jiyva's grace]
 40413 | Depths:2 | Lost mutation: You are robust. (+10% HP) [Jiyva's grace]
 40413 | Depths:2 | Lost mutation: Your gelatinous body deflects attacks. (AC
                  | +3, EV +3) [Jiyva's grace]
 40413 | Depths:2 | Lost mutation: You are covered in slimy tendrils that may
                  | disarm your opponents. [Jiyva's grace]
 40413 | Depths:2 | Gained mutation: Your melee attacks may engulf your foes in
                  | ooze. [Jiyva's grace]
 40413 | Depths:2 | Gained mutation: Your spells are a little harder to cast,
                  | but a little more powerful. [Jiyva's grace]
 40413 | Depths:2 | Gained mutation: Your spells are harder to cast, but more
                  | powerful. [Jiyva's grace]
 40413 | Depths:2 | Gained mutation: Your spells are much harder to cast, but
                  | much more powerful. [Jiyva's grace]
 40437 | Depths:2 | Noticed a juggernaut
 40438 | Depths:2 | Reached skill level 5 in Air Magic
 40445 | Depths:2 | Killed a juggernaut
 40633 | Depths:3 | Found a basalt altar of Yredelemnul.
 40636 | Depths:3 | Reached skill level 15 in Fighting
 40834 | Depths:2 | Found a gateway to Hell.
 40864 | Depths:4 | Entered Level 4 of the Depths
 40965 | Depths:3 | Found a one-way gate to the infinite horrors of the Abyss.
 41269 | Depths:4 | Noticed a juggernaut
 41276 | Depths:4 | Killed a juggernaut
 41303 | Depths:4 | Reached skill level 10 in Air Magic
 41325 | Depths:4 | Noticed a juggernaut
 41331 | Depths:4 | Killed a juggernaut
 41396 | Depths:4 | Found a gate to the Realm of Zot.
 41450 | Depths:4 | Got a midnight gem with 1381 turns to spare
 41463 | Zot:1    | Entered Level 1 of the Realm of Zot
 41463 | Zot:1    | Noticed a Killer Klown
 41463 | Zot:1    | Noticed a Killer Klown
 41478 | Zot:1    | Killed a Killer Klown
 41486 | Zot:1    | Killed a Killer Klown
 41611 | Zot:2    | Noticed an orb of fire
 41630 | Zot:2    | Killed an orb of fire
 41642 | Zot:2    | Lost mutation: Your spells are much harder to cast, but
                  | much more powerful. [Jiyva's grace]
 41642 | Zot:2    | Gained mutation: You have a pair of small horns on your
                  | head. [Jiyva's grace]
 41642 | Zot:2    | Gained mutation: You have a pair of horns on your head.
                  | [Jiyva's grace]
 41642 | Zot:2    | Gained mutation: You have a pair of large horns on your
                  | head. [Jiyva's grace]
 41642 | Zot:2    | Gained mutation: You are covered in slimy tendrils that may
                  | disarm your opponents. [Jiyva's grace]
 41698 | Zot:2    | Learned a level 3 spell: Passwall
 41730 | Zot:2    | Reached XP level 26. HP: 30/137 MP: 4/44
 41831 | Zot:3    | You fall into a shaft and drop 1 floor!
 41895 | Zot:5    | Entered Level 5 of the Realm of Zot
 42083 | Zot:5    | Got a prismatic gem with 388 turns to spare
 42098 | Zot:5    | Reached skill level 15 in Air Magic
 42099 | Zot:5    | Noticed a dread lich
 42107 | Zot:5    | Noticed an orb of fire
 42127 | Zot:5    | Noticed an orb of fire
 42127 | Zot:5    | Noticed a dread lich
 42127 | Zot:5    | Noticed an orb of fire
 42130 | Zot:5    | Got the Orb of Zot
 42137 | Zot:5    | Noticed an orb of fire
 42381 | Zot:1    | Gained mutation: You have hidden genetic defects. [a
                  | neqoxec]
 42488 | Depths:4 | Noticed Edauz the pandemonium lord
 42950 | D:3      | Noticed Acyz the pandemonium lord
 43021 | D:$      | Escaped with the Orb!

Illustrated notes

Levels and vault maps discovered:
D:1:      roadster_arrival_rocket_small, layout_basic,
          hellmonk_ecumenical_altar_arch_garden
D:2:      layout_loops_corners, minmay_misc_feat_room, minmay_pentomino_s2,
          uniq_sigmund
D:3:      layout_loops_cross, item_on_display_a
D:4:      layout_basic, lemuel_crystal_altar, gammafunk_ghost_necromancy,
          minmay_checkerbox, uniq_edmund, uniq_ijyb
D:5:      layout_loops_cross, uniq_grinder
D:6:      layout_basic, nicolae_ru_sacrificial_ziggurat,
          lemuel_temple_firewalk_b, uniq_menkaure, uniq_blork_the_orc
D:7:      layout_gridville, gammafunk_ghost_smash
D:8:      layout_basic, david_lair_generic, enter_bailey_4,
          hangedman_minor_gate_pass
D:9:      layout_loops_cross, mainiacjoe_overflow_six_doors_small,
          mainiacjoe_overflow_concentric_impassable, lemuel_doored_altar,
          minmay_orc_entry_guard_dogs, roderic_roman_lattice, uniq_psyche
D:10:     layout_basic, nicolae_concentric_dashed_squares_mild, uniq_harold,
          uniq_josephine, uniq_lodul, uniq_grum
D:11:     layout_grid_maze, uniq_urug
D:12:     layout_basic, serial_shops, shop, uniq_frances
D:13:     layout_rooms, david_vaults_1, uniq_kirke, uniq_snorg
D:14:     layout_basic, nicolae_zig_zag_zippers, grunt_livestock
D:15:     grunt_enter_depths_magical_seal, layout_long_grid
Temple:   nicolae_temple_bog_church
Lair:1:   layout_chaotic_city
Lair:2:   layout_gridlike, gammafunk_ghost_split, patterned_corridor
Lair:3:   layout_regular_city, elwin_shoals_entry_rooms,
          nicolae_spider_entry_orb_guardian, uniq_gastronok
Lair:4:   layout_hall_layers
Lair:5:   guppyfry_lair_end_dragon, layout_small_grid, wormcave,
          dpeg_slime_entry_corner, gammafunk_ghost_hydra_chop
Shoals:1: layout_shoals, serial_shops, nicolae_take_the_stairs
Shoals:2: layout_shoals, nicolae_shoals_circle_sea_wall, nicolae_shop_self_help
Shoals:3: layout_shoals, serial_shops, shop, uniq_polyphemus, uniq_jorgrun
Shoals:4: shoals_end_simple, layout_shoals, serial_shops,
          nicolae_book_shop_shelving
Spider:1: layout_spider_delve, hangedman_spider_mandibles
Spider:2: spider_temple_joshua, hellmonk_ghost_happy_afterlife, drop_trap
Spider:3: layout_spider_delve, uniq_roxanne
Spider:4: johnstein_spider_rune_arachne_lair, portal_ice_cave_entry_pillars_2,
          uniq_aizul, uniq_mara
Slime:1:  layout_caves, basic_altar, nicolae_slime_getting_an_eyeful
Slime:2:  layout_caves
Slime:3:  layout_caves
Slime:4:  layout_caves
Slime:5:  slime_pit_nicolae_amoeboid
Orc:1:    minmay_goldmine, layout_caves
Orc:2:    grunt_orc_gardens, layout_diamond_mine, grunt_orc_garden,
          grunt_orc_garden, grunt_orc_garden, grunt_orc_garden
Elf:1:    eino_elf_arrival_customs, layout_loops_corners,
          nicolae_elf_shapeshifter_party, amcnicky_mini_corridor_feature,
          hangedman_aerie_drop
Elf:2:    nicolae_elf_blades_crystal_corner, layout_onion_city,
          gammafunk_ghost_wrathful_warriors, serial_shops, shop_fountains,
          hangedman_elf_disciples, uniq_zenata
Elf:3:    minmay_elf_hall_not_hex, layout_loops_corners, basic_altar
Vaults:1: vaults_room_fours, lightli_orcish_oven,
          nicolae_vaults_storage_room_doors, vaults_standard_mumra_x,
          nicolae_vaults_hexular_roomagon, hangedman_vaults_stitches,
          st_octagons_1, nicolae_vaults_double_plus_1, v_misc_17,
          nicolae_vaults_offset_grid_hallway_3, v_misc_18,
          nicolae_vaults_octothorpe, nicolae_vaults_tetromino_T_1,
          nicolae_vaults_closet_pinwheel_4, ontoclasm_vaults_claustrophobia,
          layout_vaults_maze_bifur, serial_shops, shop, uniq_saint_roka
Vaults:2: mu_enter_wizlab_2, v_rooms_6, nicolae_vaults_trapezoid_2, v_pattern_4,
          nicolae_vaults_triangles, hangedman_vaults_corner,
          nicolae_vaults_taking_the_gang_shopping, nicolae_vaults_network_s,
          nicolae_vaults_house_2, ontoclasm_vaults_twist, st_lattice,
          layout_vaults_omnicross
Vaults:3: hangedman_vaults_hat, nicolae_vaults_windows_and_doors_thing,
          minmay_crypt_entry_simple_plaza, vaults_dpeg_ring,
          nicolae_vaults_tetromino_L_1, hangedman_vaults_capsules,
          vaults_room_pool, hangedman_vaults_locks, v_rooms_4,
          nicolae_vaults_storage_closets_3, ontoclasm_vaults_loading_screen,
          nicolae_vaults_two_Ls, layout_vaults_ring, serial_shops,
          nicolae_shop_trees, shop, nicolae_shop_scrapyard, shop_coins
Vaults:4: nicolae_vaults_storage_closets_2, nicolae_vaults_heart-shaped_vault,
          nicolae_vaults_storage_room_glass, vaults_mumra_minichess,
          nicolae_vaults_sealed_display, vaults_mumra_lcd,
          nicolae_vaults_network_square, nicolae_vaults_doubleplus_tesselated,
          layout_vaults_quadrants
Vaults:5: uniq_mennas
Crypt:1:  minmay_guarded_unrand_majin_bo, layout_basic, serial_co_window_serial,
          co_window_corner_a, co_window_of_opportunity_a, co_window_corner_a,
          co_window_of_opportunity_a, co_window_paths_b, co_window_2corner,
          co_window_paths_c, co_window_corner_b, co_window_broadway_c,
          co_window_2corner, co_window_paths_e, glass_columns_c,
          glass_columns_a, glass_columns_c, uniq_sojobo, uniq_grunn,
          uniq_bai_suzhen, uniq_boris
Crypt:2:  layout_catacombs, special_room [special_room_morgue],
          grunt_megastairs_5, uniq_frederick, uniq_josephina, uniq_vv
Crypt:3:  quadcrypt_mu, uniq_khufu
Tomb:1
Tomb:2
Tomb:3
Depths:1: layout_roguey, hangedman_glass_teeth, hell_entry, kennysheep_doodads,
          st_stairs_2, kennysheep_kite_vault, serial_bayou_shore_b
Depths:2: minmay_nested_s, layout_basic, enter_ziggurat_e,
          hangedman_coc_ice_floe, minmay_staircase_bubble,
          rand_demon_pan_entry_7, serial_rivers, chequers_serial_rivers_small_a,
          chequers_serial_rivers_marsh, chequers_serial_rivers_small_b,
          chequers_serial_rivers_small_a, abyss_entry,
          chequers_serial_rivers_large_b
Depths:3: minmay_broken_ring, layout_honeycomb, hell_entry, bh_walls_and_bars,
          nicolae_abyss_entry_one_way_or_another, serial_bayou_pond_a,
          nicolae_yredelemnul_corpse_copse, uniq_enchantress, uniq_margery
Depths:4: evilmike_zot_entry_argh, layout_cave_pools, hell_entry, abyss_entry
Zot:1:    grunt_zot_stairs_faceoff, layout_onion
Zot:2:    lemuel_halls_of_wrath, layout_gridlike, hangedman_zot_gyre,
          lemuel_elevator
Zot:3:    layout_cathedral_of_symmetry
Zot:4:    layout_misc_corridors, st_large_dragon_hoard_3
Zot:5:    layout_basic

Skill      XL: |  1  2  3  4  5  6  7  8  9 10 11 12 13 14 15 16 17 18 19 20 21 22 23 24 25 26 |
---------------+-------------------------------------------------------------------------------+-----
Stealth        | 2 3 4 5 7 8 11 12 14 | 14.0
Unarmed Combat | 5 6 10 13 | 13.6
Summonings     | 1 3 5 8 11 12 13 | 13.0
Fire Magic     | 1 2 3 5 6 |  6.0
Spellcasting   | 4 5 8 10 11 12 13 14 15 16 | 16.0
Dodging        | 6 8 11 14 16 17 18 19 20 | 20.7
Fighting       | 5 6 7 9 10 11 12 13 14 15 | 15.6
Necromancy     | 3 9 14 16 19 20 21 22 24 25 26 27 | 27.0
Earth Magic    | 3 5 |  5.0
Hexes          | 5 9 15 20 | 20.2
Evocations     | 5 6 7 |  7.5
Shapeshifting  | 2 6 8 10 11 | 11.9
Air Magic      | 2 4 13 15 | 15.0
Translocations | 6 |  6.0

Action                     |  1- 3 |  4- 6 |  7- 9 | 10-12 | 13-15 | 16-18 | 19-21 | 22-24 | 25-27 || total
---------------------------+-------+-------+-------+-------+-------+-------+-------+-------+-------++-------
  Melee: Unarmed           |    93 |   152 |   151 |   266 |   128 |   133 |   126 |   109 |   103 ||  1261
         Bite              |     7 |     9 |    24 |    36 |    22 |    21 |    29 |    21 |    22 ||   191
         Punch             |     3 |     5 |     6 |    15 |     8 |     8 |    15 |    16 |    17 ||    93
         Maw               |       |       |       |       |       |       |       |     5 |       ||     5
         Headbutt          |       |       |       |       |       |       |       |       |    22 ||    22
   Cast: Summon Blazeheart |       |       |    24 |    61 |     8 |       |       |       |       ||    93
         Call Canine Famil |       |       |    10 |    14 |       |       |       |       |       ||    24
         Animate Dead      |       |       |       |    14 |    15 |    31 |    10 |     1 |       ||    71
         Death Channel     |       |       |       |    14 |    39 |    53 |    30 |    17 |     9 ||   162
         Anguish           |       |       |       |     5 |    28 |    19 |    14 |     5 |     1 ||    72
         Borgnjor's Vile C |       |       |       |     1 |    25 |    40 |   136 |    49 |    55 ||   306
         Haunt             |       |       |       |       |     7 |   137 |    71 |    71 |    80 ||   366
         Infestation       |       |       |       |       |       |    78 |   133 |   130 |    56 ||   397
         Dispel Undead     |       |       |       |       |       |       |    45 |    99 |    31 ||   175
         Death's Door      |       |       |       |       |       |       |     1 |    12 |     4 ||    17
         Discord           |       |       |       |       |       |       |       |    13 |     7 ||    20
         Passwall          |       |       |       |       |       |       |       |       |     3 ||     3
 Invoke: Unearth Wretches  |       |       |       |       |    14 |     5 |       |       |       ||    19
         Receive Forbidden |       |       |       |       |     1 |       |       |       |       ||     1
         Slimify           |       |       |       |       |       |     1 |       |       |     1 ||     2
  Evoke: Wand              |       |       |       |     3 |       |     5 |     4 |     5 |     4 ||    21
         Condenser vane    |       |       |       |       |       |     2 |       |     1 |     1 ||     4
         Phantom mirror    |       |       |       |       |       |     1 |       |       |       ||     1
         Box of beasts     |       |       |       |       |       |       |       |     1 |       ||     1
         Lightning rod     |       |       |       |       |       |       |       |     2 |       ||     2
    Use: Potion            |       |     3 |     3 |       |     5 |     5 |     2 |     2 |     3 ||    23
         Scroll            |       |     2 |     7 |     5 |     7 |     6 |    10 |    15 |    10 ||    62
   Stab: Sleeping          |    10 |     8 |     4 |     6 |     3 |     2 |     4 |     3 |    10 ||    50
         Distracted        |       |     3 |     2 |     2 |     4 |     3 |     5 |     6 |     9 ||    34
         Paralysed         |       |       |       |       |    12 |     6 |       |       |       ||    18
         Invisible         |       |       |       |       |       |     1 |       |       |       ||     1
         Confused          |       |       |       |       |       |       |     2 |     2 |     1 ||     5
 Armour: Skin              |    17 |    34 |    65 |   165 |   100 |   202 |   130 |   168 |   153 ||  1034
  Dodge: Dodged            |    69 |   101 |   201 |   345 |   149 |   590 |   407 |   672 |   480 ||  3014
         Form:             |       |       |       |       |       |       |       |     1 |       ||     1
         Statue            |       |       |       |       |       |       |       |     1 |       ||     1
         Maw               |       |       |       |       |       |       |       |     1 |       ||     1

Table legend: (Time is in decaauts)
 A = Elapsed time spent in this place.
 B = Non-inter-level travel time spent in this place.
 C = Inter-level travel time spent in this place.
 D = Time resting spent in this place.
 E = Time spent auto-exploring this place.
 F = Levels seen in this place.
 G = Mean time per level.
                   A        B        C        D        E       F      G
               +--------+--------+--------+--------+--------+-----+--------+
         Total |  43347 |  37785 |   5562 |   2925 |  15929 |  62 |  699.1 |
       Dungeon |  14509 |  13027 |   1482 |   1200 |   8511 |  15 |  967.3 |
        Temple |     36 |      3 |     33 |      0 |      0 |   1 |   36.0 |
          Lair |   7945 |   6423 |   1522 |    965 |   3907 |   5 | 1589.0 |
        Shoals |   1361 |   1268 |     93 |      0 |      0 |   4 |  340.2 |
   Spider Nest |   2271 |   1995 |    276 |     26 |    310 |   4 |  567.8 |
    Slime Pits |   3346 |   2951 |    395 |     73 |   1477 |   5 |  669.2 |
  Orcish Mines |   2288 |   2050 |    238 |    321 |   1187 |   2 | 1144.0 |
   Elven Halls |   1630 |   1393 |    237 |      0 |      0 |   3 |  543.3 |
        Vaults |   3084 |   2663 |    421 |      0 |      0 |   5 |  616.8 |
         Crypt |   1372 |   1027 |    345 |      0 |      0 |   3 |  457.3 |
          Tomb |   1175 |   1048 |    127 |      6 |      0 |   3 |  391.7 |
        Depths |   1857 |   1526 |    331 |      0 |     36 |   4 |  464.2 |
           Zot |    947 |    887 |     60 |      0 |      0 |   5 |  189.4 |
        Bailey |    937 |    937 |      0 |    324 |    302 |   1 |  937.0 |
      Ice Cave |    232 |    232 |      0 |      7 |    136 |   1 |  232.0 |
        Wizlab |    351 |    351 |      0 |      3 |     62 |   1 |  351.0 |
               +--------+--------+--------+--------+--------+-----+--------+

Top non-repeatable levels by time:
  Lair:5: 2327 daAuts
  Lair:3: 1812 daAuts
     D:9: 1449 daAuts
  Lair:4: 1380 daAuts
  Lair:1: 1356 daAuts
     D:8: 1305 daAuts
     D:3: 1260 daAuts
   Orc:1: 1241 daAuts
     D:2: 1099 daAuts
  Lair:2: 1067 daAuts
     D:6: 1059 daAuts
   Orc:2: 1047 daAuts
     D:5: 1038 daAuts
     D:7: 1032 daAuts
    D:11: 1030 daAuts
